CLL
VISALIA METS @ STOCKTON MARINERS
07/17/1982
 
TOP OF THE 1ST
Visalia Mets batting - Pitching for Stockton Mariners : RHP Larry Ferst
Pitching: RHP Larry Ferst
Batting: RHB Danny Ainge 0-0: Called Strike
0-1: Ground out 6-3 (Groundball, 6MD, EV 83.1 MPH)
Batting: SHB David Navarro 0-0: Swinging Strike
0-1: Ball
1-1: Called Strike
1-2: Fly out, F7 (Line Drive, 7D, EV 105.6 MPH)
Batting: LHB Huey Gayden 0-0: Ball
1-0: Called Strike
1-1: Ball
2-1: Called Strike
2-2: Ground out 4-3 (Groundball, 4M, EV 99.4 MPH)
Top of the 1st over - 0 runs, 0 hits, 0 errors, 0 left on base; Visalia 0 - Stockton 0
BOTTOM OF THE 1ST
Stockton Mariners batting - Pitching for Visalia Mets : RHP Ricky Valentin
Pitching: RHP Ricky Valentin
Batting: LHB Ricky Nelson 0-0: Ball
1-0: Foul Ball, location: 2F
1-1: SINGLE (Line Drive, 89S, EV 100.6 MPH)
Batting: LHB Harold Perkins 0-0: Called Strike
Ricky Nelson is caught stealing 2nd base 2-6
0-1: Swinging Strike
0-2: Foul Ball, location: 2F
0-2: Foul Ball, location: 2F
0-2: Fly out, F9 (Flyball, 89D, EV 97.5 MPH)
Batting: SHB Eddie Tanner 0-0: Foul Ball, location: 2F
0-1: Foul Ball, location: 2F
0-2: Ball
1-2: Ball
2-2: Ball
3-2: Base on Balls
Batting: LHB David Cawthon 0-0: Called Strike
0-1: Foul Ball, location: 2F
0-2: Ball
1-2: SINGLE (Groundball, 5S, EV 64.4 MPH) (infield hit)
Eddie Tanner to second
Batting: LHB Joe Perna 0-0: Ball
1-0: Ball
2-0: Called Strike
2-1: 3-RUN HOME RUN (Flyball, 7LD, EV 105.6 MPH), Distance : 362 ft
Batting: LHB Marty Pevey 0-0: Ground out 6-3 (Groundball, 56, EV 92.5 MPH)
Bottom of the 1st over - 3 runs, 3 hits, 0 errors, 0 left on base; Visalia 0 - Stockton 3
TOP OF THE 2ND
Visalia Mets batting - Pitching for Stockton Mariners : RHP Larry Ferst
Batting: LHB Pete Dalena 0-0: Foul Ball, location: 2F
0-1: Swinging Strike
0-2: Ball
1-2: Ball
2-2: Ball
3-2: Strikes out swinging
Batting: SHB Marcos Gomez 0-0: Foul Ball, location: 2F
0-1: Ball
1-1: Ball
2-1: Called Strike
2-2: Foul Ball, location: 2F
2-2: Ball
3-2: Base on Balls
Batting: RHB Ed Sedar 0-0: Ball
1-0: Called Strike
1-1: Ball
2-1: Fielders Choice at 2nd, 5-4 (Groundball, 56, EV 82.5 MPH)
Now at 2B: Frederick Lagergren
Batting: RHB Gabriel de la Sancha 0-0: Called Strike
Ed Sedar steals 2nd base
0-1: Ball
1-1: Ball
2-1: SINGLE (Groundball, 25, EV 70.0 MPH) (infield hit)
Ed Sedar to third
Batting: RHB Ken Frazier 0-0: Ball
1-0: Ball
Wild Pitch!
Ed Sedar scores
Gabriel de la Sancha to second
2-0: SINGLE (Line Drive, 8LS, EV 104.4 MPH)
Gabriel de la Sancha to third
Runner from 3rd tries for Home, SAFE, throw by CF to home
Batting: SHB Rene Quinones 0-0: Ground out 4-3 (Groundball, 4, EV 90.6 MPH)
Top of the 2nd over - 2 runs, 2 hits, 0 errors, 1 left on base; Visalia 2 - Stockton 3
BOTTOM OF THE 2ND
Stockton Mariners batting - Pitching for Visalia Mets : RHP Ricky Valentin
Batting: LHB Victor Gavidia 0-0: Hit by Pitch
Batting: RHB Brian Greer 0-0: Ball
1-0: Ball
2-0: Ball
3-0: Called Strike
3-1: Called Strike
3-2: Foul Ball, location: 2F
3-2: Fly out, F6 (Popup, 6MD, EV 56.3 MPH)
Batting: RHB Frederick Lagergren 0-0: Ball
Victor Gavidia steals 2nd base
1-0: Ball
2-0: SINGLE (Groundball, 56D, EV 97.5 MPH)
Victor Gavidia to third
Runner from 3rd tries for Home, SAFE, throw by LF to home
Batting: LHB Ricky Nelson 0-0: Foul Ball, location: 2F
0-1: Ball
1-1: Foul Ball, location: 2F
1-2: Grounds into double play, 4-6-3 (Groundball, 4, EV 83.8 MPH)
Bottom of the 2nd over - 1 run, 1 hit, 0 errors, 0 left on base; Visalia 2 - Stockton 4
TOP OF THE 3RD
Visalia Mets batting - Pitching for Stockton Mariners : RHP Larry Ferst
Batting: RHB Danny Ainge 0-0: Ground out 5-3 (Groundball, 5, EV 88.8 MPH)
Batting: SHB David Navarro 0-0: Called Strike
0-1: Ball
1-1: Foul Ball, location: 2F
1-2: Ball
2-2: Ground out 4-3 (Groundball, 4S, EV 87.5 MPH)
Batting: LHB Huey Gayden 0-0: Ball
1-0: Called Strike
1-1: Fly out, F7 (Flyball, 78M, EV 74.4 MPH)
Top of the 3rd over - 0 runs, 0 hits, 0 errors, 0 left on base; Visalia 2 - Stockton 4
BOTTOM OF THE 3RD
Stockton Mariners batting - Pitching for Visalia Mets : RHP Ricky Valentin
Batting: LHB Harold Perkins 0-0: Called Strike
0-1: Ground out 1-3 (Groundball, 34S, EV 68.8 MPH)
Batting: SHB Eddie Tanner 0-0: Ball
1-0: Called Strike
1-1: Foul Ball, location: 2F
1-2: Fly out, F6 (Flyball, 56D, EV 90.6 MPH)
Batting: LHB David Cawthon 0-0: Called Strike
0-1: Ball
1-1: SINGLE (Groundball, 4MS, EV 61.3 MPH) (infield hit)
Batting: LHB Joe Perna 0-0: Ball
1-0: Called Strike
1-1: Foul Ball, location: 2F
1-2: SINGLE (Line Drive, 8LS, EV 95.6 MPH)
David Cawthon to second
Runner from 2nd tries for 3rd, SAFE, throw by CF made to third
Batting: LHB Marty Pevey 0-0: Ball
1-0: Ball
2-0: Called Strike
2-1: Foul Ball, location: 2F
2-2: Foul Ball, location: 2F
2-2: Ball
3-2: Ground out 4-3 (Groundball, 4, EV 83.1 MPH)
Bottom of the 3rd over - 0 runs, 2 hits, 0 errors, 2 left on base; Visalia 2 - Stockton 4
TOP OF THE 4TH
Visalia Mets batting - Pitching for Stockton Mariners : RHP Larry Ferst
Batting: LHB Pete Dalena 0-0: Swinging Strike
0-1: Ball
1-1: DOUBLE (Line Drive, 3D, EV 104.4 MPH)
Batting: SHB Marcos Gomez 0-0: Swinging Strike
0-1: Foul Ball, location: 2F
0-2: Ball
1-2: Ball
2-2: DOUBLE (Line Drive, 9LM, EV 110.6 MPH)
Pete Dalena scores
Batting: RHB Ed Sedar 0-0: Ball
1-0: Called Strike
1-1: Ground out 6-3 (Groundball, 6, EV 85.0 MPH)
Marcos Gomez to third
Batting: RHB Gabriel de la Sancha 0-0: Ball
1-0: SINGLE (Line Drive, 6D, EV 100.6 MPH)
Marcos Gomez scores
Batting: RHB Ken Frazier 0-0: Called Strike
0-1: Ball
1-1: Ball
2-1: Foul Ball, location: 2F
2-2: DOUBLE (Groundball, 5L, EV 105.6 MPH)
Gabriel de la Sancha to third
Batting: SHB Rene Quinones 0-0: Called Strike
0-1: Reached on error, E3 (Groundball, 34, EV 87.5 MPH)
Gabriel de la Sancha scores
Ken Frazier to third
Batting: RHB Danny Ainge 0-0: Ball
1-0: Ball
2-0: Ball
3-0: Called Strike
3-1: Foul Ball, location: 2F
3-2: Foul Ball, location: 2F
3-2: Fly out, F3 (Popup, 3SF, EV 88.1 MPH)
Batting: SHB David Navarro 0-0: Called Strike
0-1: Ball
1-1: Ball
2-1: Foul Ball, location: 2F
2-2: Ball
3-2: Ground out 4-3 (Groundball, 4M, EV 81.3 MPH)
Top of the 4th over - 3 runs, 4 hits, 1 error, 2 left on base; Visalia 5 - Stockton 4
BOTTOM OF THE 4TH
Stockton Mariners batting - Pitching for Visalia Mets : RHP Ricky Valentin
Batting: LHB Victor Gavidia 0-0: Hit by Pitch
Batting: RHB Brian Greer 0-0: SINGLE (Line Drive, 78S, EV 104.4 MPH)
Victor Gavidia to second
Batting: RHB Frederick Lagergren 0-0: Foul Ball, location: 2F
0-1: Ball
1-1: Ball
2-1: Fielders Choice at 2nd, 4-6 (Groundball, 4M, EV 84.4 MPH)
Victor Gavidia to third
Batting: LHB Ricky Nelson 0-0: Ball
1-0: Ball
2-0: Called Strike
2-1: Ball
3-1: Fielders Choice at 2nd, 4-6 (Groundball, 4, EV 85.0 MPH)
Victor Gavidia scores
Batting: LHB Harold Perkins 0-0: Ball
1-0: Called Strike
1-1: Ball
2-1: Reached on error, E5 (Groundball, 56, EV 83.1 MPH)
Ricky Nelson to second
Batting: SHB Eddie Tanner 0-0: Ground out 4-3 (Groundball, 4, EV 80.6 MPH)
Bottom of the 4th over - 1 run, 1 hit, 1 error, 2 left on base; Visalia 5 - Stockton 5
TOP OF THE 5TH
Visalia Mets batting - Pitching for Stockton Mariners : RHP Larry Ferst
Batting: LHB Huey Gayden 0-0: Ball
1-0: Swinging Strike
1-1: Ball
2-1: SINGLE (Groundball, 34D, EV 101.3 MPH)
Batting: LHB Pete Dalena 0-0: Called Strike
0-1: Ball
Huey Gayden is caught stealing 2nd base 2-6
1-1: Fly out, F8 (Flyball, 89S, EV 81.9 MPH)
Batting: SHB Marcos Gomez 0-0: Ground out 5-3 (Groundball, 56S, EV 66.3 MPH)
Top of the 5th over - 0 runs, 1 hit, 0 errors, 0 left on base; Visalia 5 - Stockton 5
BOTTOM OF THE 5TH
Stockton Mariners batting - Pitching for Visalia Mets : RHP Ricky Valentin
Batting: LHB David Cawthon 0-0: Ball
1-0: Fly out, F7 (Flyball, 7, EV 89.4 MPH)
Batting: LHB Joe Perna 0-0: Ball
1-0: Foul Ball, location: 2F
1-1: Called Strike
1-2: SINGLE (Flyball, 4D, EV 91.3 MPH)
Batting: LHB Marty Pevey 0-0: Foul Ball, location: 2F
0-1: Ball
1-1: Ball
2-1: Foul Ball, location: 2F
2-2: Foul Ball, location: 2F
2-2: Ground out 4-3 (Groundball, 3D, EV 85.0 MPH)
Joe Perna to second
Batting: LHB Victor Gavidia 0-0: Ball
1-0: Ball
2-0: Ball
3-0: Base on Balls
Batting: RHB Brian Greer 0-0: Fly out, F4 (Popup, 4D, EV 55.0 MPH)
Bottom of the 5th over - 0 runs, 1 hit, 0 errors, 2 left on base; Visalia 5 - Stockton 5
TOP OF THE 6TH
Visalia Mets batting - Pitching for Stockton Mariners : RHP Larry Ferst
Batting: RHB Ed Sedar 0-0: Called Strike
0-1: Foul Ball, location: 2F
0-2: Ball
1-2: Ground out 5-3 (Groundball, 56S, EV 79.4 MPH)
Batting: RHB Gabriel de la Sancha 0-0: Called Strike
0-1: Ball
1-1: Fly out, F4 (Popup, 4, EV 80.0 MPH)
Batting: RHB Ken Frazier 0-0: Ball
1-0: Called Strike
1-1: Ball
2-1: Ball
3-1: Ground out 3-1 (Groundball, 34S, EV 86.3 MPH)
Top of the 6th over - 0 runs, 0 hits, 0 errors, 0 left on base; Visalia 5 - Stockton 5
BOTTOM OF THE 6TH
Stockton Mariners batting - Pitching for Visalia Mets : RHP Ricky Valentin
Pitching: RHP Marcos Gonzalez
Batting: RHB Frederick Lagergren 0-0: Ball
1-0: Foul Ball, location: 2F
1-1: Ground out 6-3 (Groundball, 56D, EV 108.8 MPH)
Batting: LHB Ricky Nelson 0-0: Foul Ball, location: 2F
0-1: Called Strike
0-2: Foul Ball, location: 2F
0-2: Ball
1-2: Ball
2-2: Foul Ball, location: 2F
2-2: Strikes out swinging
Batting: LHB Harold Perkins 0-0: Called Strike
0-1: Swinging Strike
0-2: Foul Ball, location: 2F
0-2: Foul Ball, location: 2F
0-2: Foul Ball, location: 2F
0-2: Ground out 4-3 (Groundball, 4, EV 105.0 MPH)
Bottom of the 6th over - 0 runs, 0 hits, 0 errors, 0 left on base; Visalia 5 - Stockton 5
TOP OF THE 7TH
Visalia Mets batting - Pitching for Stockton Mariners : RHP Larry Ferst
Batting: SHB Rene Quinones 0-0: Ball
1-0: Ball
2-0: Fly out, F8 (Flyball, 8LM, EV 95.6 MPH)
Batting: RHB Danny Ainge 0-0: Swinging Strike
0-1: Ball
1-1: Reached on error, E7 (Flyball, 7D, EV 107.5 MPH)
Batting: SHB David Navarro 0-0: Called Strike
0-1: Ball
1-1: Ground out 5-3 (Groundball, 5, EV 102.5 MPH)
Batting: LHB Huey Gayden 0-0: SINGLE (Groundball, 34D, EV 104.4 MPH)
Danny Ainge to third
Runner from 3rd tries for Home, SAFE, throw by RF to home
Pitching: LHP Dan Weppner
Batting: LHB Pete Dalena 0-0: Called Strike
0-1: Ball
1-1: Ball
2-1: Foul Ball, location: 2F
2-2: DOUBLE (Flyball, 8RXD, EV 97.5 MPH)
Huey Gayden to third
Runner from 3rd tries for Home, SAFE, throw by CF to home
Batting: SHB Marcos Gomez 0-0: Called Strike
0-1: Called Strike
0-2: Fly out, F7 (Flyball, 7D, EV 103.1 MPH)
Top of the 7th over - 2 runs, 2 hits, 1 error, 1 left on base; Visalia 7 - Stockton 5
BOTTOM OF THE 7TH
Stockton Mariners batting - Pitching for Visalia Mets : RHP Marcos Gonzalez
Batting: SHB Eddie Tanner 0-0: Called Strike
0-1: Foul Ball, location: 2F
0-2: DOUBLE (Flyball, 89D, EV 113.8 MPH)
Batting: LHB David Cawthon 0-0: Ball
1-0: Called Strike
1-1: Ball
2-1: Fly out, F8 (Flyball, 89XD, EV 102.5 MPH)
Runner from 2nd tags up, SAFE at 3rd, no throw by CF
Batting: LHB Joe Perna 0-0: Ball
1-0: Ball
2-0: Called Strike
2-1: Ball
3-1: Base on Balls
Batting: LHB Marty Pevey 0-0: Ball
1-0: Ball
2-0: Foul Ball, location: 2F
2-1: Ground out 4-3 (Groundball, 4S, EV 73.1 MPH)
Eddie Tanner scores
Joe Perna to second
Pinch Hitting: LHB Marvin Ward 0-0: Ball
1-0: 2-RUN HOME RUN (Flyball, 9D, EV 98.8 MPH), Distance : 387 ft
Pitching: RHP Timothy O'Neill
Batting: RHB Brian Greer 0-0: Called Strike
0-1: Ground out 2-3 (Groundball, 2L, EV 73.1 MPH)
Bottom of the 7th over - 3 runs, 2 hits, 0 errors, 0 left on base; Visalia 7 - Stockton 8
TOP OF THE 8TH
Visalia Mets batting - Pitching for Stockton Mariners : LHP Dan Weppner
Now at 3B: David Lanning
Batting: RHB Ed Sedar 0-0: Ball
1-0: Ground out 4-3 (Groundball, 34, EV 79.4 MPH)
Batting: RHB Gabriel de la Sancha 0-0: Ball
1-0: Ball
2-0: Foul Ball, location: 2F
2-1: Fly out, F9 (Line Drive, 9D, EV 90.6 MPH)
Batting: RHB Ken Frazier 0-0: Called Strike
0-1: Ball
1-1: Foul Ball, location: 2F
1-2: SINGLE (Groundball, 13, EV 90.0 MPH) (infield hit)
Pinch Hitting: RHB Mitchell Ashmore 0-0: Ball
1-0: Ball
2-0: Ground out 6-3 (Groundball, P, EV 87.5 MPH)
Top of the 8th over - 0 runs, 1 hit, 0 errors, 1 left on base; Visalia 7 - Stockton 8
BOTTOM OF THE 8TH
Stockton Mariners batting - Pitching for Visalia Mets : RHP Timothy O'Neill
Now at SS: Daniel Robie
Batting: RHB Frederick Lagergren 0-0: Ball
1-0: Ball
2-0: Ball
3-0: Base on Balls
Batting: LHB Ricky Nelson 0-0: Ball
1-0: Ball
2-0: Foul Ball, location: 2F
2-1: Called Strike
2-2: Ball
3-2: Strikes out looking
Batting: LHB Harold Perkins 0-0: Fly out, F9 (Flyball, 89D, EV 101.3 MPH)
Batting: SHB Eddie Tanner 0-0: Called Strike
0-1: Ball
1-1: Ball
2-1: Fly out, F8 (Flyball, 8LD, EV 99.4 MPH)
Bottom of the 8th over - 0 runs, 0 hits, 0 errors, 1 left on base; Visalia 7 - Stockton 8
TOP OF THE 9TH
Visalia Mets batting - Pitching for Stockton Mariners : LHP Dan Weppner
Pitching: LHP Robert Alsup
Batting: RHB Danny Ainge 0-0: Ball
1-0: SINGLE (Flyball, 89S, EV 96.9 MPH)
Batting: SHB David Navarro 0-0: Ball
1-0: Bunted foul
1-1: Bunt missed!
1-2: Foul Ball, location: 2F
1-2: Ball
2-2: Foul Ball, location: 2F
2-2: Foul Ball, location: 2F
2-2: SINGLE (Line Drive, 5, EV 69.4 MPH) (infield hit)
Danny Ainge to second
Batting: LHB Huey Gayden 0-0: Ball
Wild Pitch!
Danny Ainge to third
David Navarro to second
1-0: Ball
2-0: Called Strike
2-1: Ball
3-1: Foul Ball, location: 2F
3-2: Ground out 3-1 (Groundball, 34, EV 85.6 MPH)
Danny Ainge scores
David Navarro to third
Batting: LHB Pete Dalena 0-0: Fly out, F4 (Line Drive, 4, EV 75.0 MPH)
Batting: SHB Marcos Gomez 0-0: Ball
1-0: Fly out, F3 (Popup, 3F, EV 67.5 MPH)
Top of the 9th over - 1 run, 2 hits, 0 errors, 1 left on base; Visalia 8 - Stockton 8
BOTTOM OF THE 9TH
Stockton Mariners batting - Pitching for Visalia Mets : RHP Timothy O'Neill
Batting: LHB David Cawthon 0-0: Called Strike
0-1: Foul Ball, location: 2F
0-2: Foul Ball, location: 2F
0-2: Ball
1-2: Foul Ball, location: 2F
1-2: SOLO HOME RUN (Flyball, 9D, EV 92.5 MPH), Distance : 394 ft
Bottom of the 9th over - 1 run, 1 hit, 0 errors, 0 left on base; Visalia 8 - Stockton 9
Friday, August 14th, 2020 - OOTP Baseball 21.5 Build 76